 Dungeon Crawl Stone Soup version 0.17.1-1-g73c8601 (webtiles) character file.

65 PossumBlood the Slasher (level 3, -1/31 HPs)
             Began as a Minotaur Fighter on Jan 6, 2016.
             Killed from afar by Caphalor's ghost (8 damage)
             ... with a flame tongue
             ... on level 3 of the Dungeon.
             The game lasted 00:03:09 (1233 turns).

PossumBlood the Slasher (Minotaur Fighter)          Turns: 1233, Time: 00:03:13

Health: -1/31      AC:  6    Str: 21    XL:     3   Next: 92%
Magic:  2/2        EV:  7    Int:  5    God:
Gold:   63         SH:  9    Dex:  9    Spells: 0 memorised, 2 levels left

rFire  . . .     SeeInvis .     a - +0 long sword
rCold  . . .     Clarity  .     b - +0 scale mail
rNeg   . . .     SustAt   .     c - +0 shield
rPois  .         Gourm    .     (helmet restricted)
rElec  .         Spirit   .     (no cloak)
rCorr  .         Warding  .     (no gloves)
rMut   .         Stasis   .     (no boots)
MR     .....                    (no amulet)
Stlth  ..........               (no ring)
                                (no ring)

@: not resistant to hostile enchantments, extremely unstealthy
A: retaliatory headbutt, horns 2
a: no special abilities


You were on level 3 of the Dungeon.
You were not hungry.

You visited 1 branch of the dungeon, and saw 3 of its levels.

You collected 63 gold pieces.

Inventory:

Hand Weapons
 a - a +0 long sword (weapon)
Armour
 b - a +0 scale mail (worn)
 c - a +0 shield (worn)
 f - a +0 buckler
Jewellery
 u - an uncursed ring of wizardry {unknown}
Scrolls
 g - a scroll of immolation {unknown}
 i - a scroll of blinking {unknown}
 k - 2 scrolls of teleportation {unknown}
 p - 5 scrolls of remove curse {unknown}
 q - a scroll of enchant armour {unknown}
 t - a scroll of magic mapping {unknown}
Potions
 d - 2 potions of might
 l - 3 potions of heal wounds {unknown}
 m - a potion of lignification {unknown}
 n - a potion of flight {unknown}
 o - a potion of poison {unknown}
Comestibles
 e - 2 bread rations
 h - a beef jerky
 j - 3 fruits
 r - 2 royal jellies
 s - a meat ration


   Skills:
 - Level 3.6 Fighting
 * Level 5.1 Long Blades
 - Level 3.6 Armour
 - Level 3.6 Shields


You had 2 spell levels left.
You didn't know any spells.

Dungeon Overview and Level Annotations

Branches:
Dungeon (3/15)

Altars:
The Shining One

Annotations:
D:3 Caphalor's ghost, amateur GrFE


Innate Abilities, Weirdness & Mutations

You reflexively headbutt those who attack you in melee.
You have a pair of horns on your head.


Message History

Caphalor's ghost gestures at you while chanting.
The flame tongue hits you!
You hit Caphalor's ghost.
Caphalor's ghost is moderately damaged.
Caphalor's ghost points at you and mumbles some strange words.
The flame tongue hits you!
You slash Caphalor's ghost! Your headbutt misses Caphalor's ghost.
Caphalor's ghost is heavily damaged.
Caphalor's ghost casts a spell at you. The flame tongue hits you!
You miss Caphalor's ghost. You headbutt Caphalor's ghost.
Caphalor's ghost is severely damaged.
You block Caphalor's ghost's attack. Caphalor's ghost hits you.
You hit Caphalor's ghost. Your headbutt misses Caphalor's ghost.
Caphalor's ghost is severely damaged.
The worm bites you.
* * * LOW HITPOINT WARNING * * *
Caphalor's ghost gestures at you while chanting.
The flame tongue hits you!
You die...

#. #.# #. #.# #. #.# .
#. #.# ..####.########.#
#...$...........#####.#
#.....................##
.###...##.###.)........
#..w@.#.# ##.#######.
#.....W..#.# #.#
#..#.....#<# #.# #.
#....##.# ##[# .. #
#.#####.###..#####.# ..
........#.....#.# ...
.....###..###.#.# #.#
### ##.# #.#.# #.###.#.#


You could see a worm and Caphalor's ghost.

Vanquished Creatures
  An adder (D:3)
  A worm (D:1)
  A giant gecko (D:1)
  3 giant cockroaches
  7 hobgoblins
  13 jackals
  4 kobolds
  A quokka (D:2)
  5 bats
  6 giant newts
  2 goblins
  5 rats
49 creatures vanquished.

Notes
Turn   | Place    | Note
--------------------------------------------------------------
     0 | D:1      | PossumBlood the Minotaur Fighter began the quest for the Orb.
     0 | D:1      | Reached XP level 1. HP: 19/19 MP: 0/0
   125 | D:1      | Reached XP level 2. HP: 24/26 MP: 1/1
   319 | D:1      | Reached skill level 4 in Long Blades
   405 | D:1      | Reached XP level 3. HP: 23/31 MP: 2/2
   450 | D:1      | Found a glowing golden altar of the Shining One.
  1211 | D:3      | Reached skill level 5 in Long Blades
  1227 | D:3      | Noticed Caphalor's ghost (amateur GrFE)
  1233 | D:3      | Killed from afar by Caphalor's ghost

Action                   || total
-------------------------++-------
Melee: Long sword        ||   119
  Eat: Fruit             ||     1
